 Dungeon Crawl Stone Soup version 0.18-a0-241-g014938f (webtiles) character file.

3182 Proton the Fighter (level 9, -9/82 HPs)
             Began as a Hill Orc Fighter on Nov 25, 2015.
             Was a Believer of Ru.
             Mangled by an orc warrior
             ... wielding a +0 halberd
              (12 damage)
             ... on level 8 of the Dungeon.
             The game lasted 00:15:11 (8207 turns).

Proton the Fighter (Hill Orc Fighter)               Turns: 8207, Time: 00:15:11

Health: -9/82      AC: 13    Str: 22    XL:     9   Next: 95%
Magic:  9/9        EV: 10    Int:  8    God:    Ru [**....]
Gold:   373        SH: 11    Dex: 10    Spells: 0 memorised, 8 levels left

rFire  . . .     SeeInvis .     a - +0 long sword
rCold  + . .     Clarity  .     z - +3 scale mail {rC+}
rNeg   . . .     SustAt   .     c - +0 shield
rPois  .         Gourm    .     y - +0 helmet
rElec  .         Spirit   .     t - +0 cloak
rCorr  .         Warding  .     (no gloves)
rMut   .         Stasis   .     (no boots)
MR     .....                    (no amulet)
Stlth  +.........               (no ring)
                                r - ring of stealth

@: not resistant to hostile enchantments, very unstealthy
A: blink, hated by all, no charms magic, no ice magic, no transmutations magic
a: Blink, Renounce Religion


You were on level 8 of the Dungeon.
You worshipped Ru.
Ru was pleased with you.
You were not hungry.

You visited 1 branch of the dungeon, and saw 8 of its levels.

You collected 373 gold pieces.

Inventory:

Hand Weapons
 a - a +0 long sword (weapon)
Armour
 c - a +0 shield (worn)
 t - a +0 cloak (worn)
 y - a +0 helmet (worn)
 z - a +3 scale mail of cold resistance (worn)
Jewellery
 r - a ring of stealth (left hand)
Scrolls
 b - 2 scrolls of amnesia {unknown}
 k - 5 scrolls of magic mapping {unknown}
 l - a scroll of enchant armour {unknown}
 n - a scroll of recharging {unknown}
 o - 6 scrolls of enchant weapon {unknown}
 q - 8 scrolls of teleportation {unknown}
 s - 2 scrolls of blinking {unknown}
 u - a scroll of fog {unknown}
 w - 2 scrolls of random uselessness {unknown}
 x - a scroll of remove curse
 C - a scroll of identify
 D - a scroll of vulnerability {unknown}
 G - a scroll of fear {unknown}
Potions
 d - 4 potions of might
 h - 3 potions of flight {unknown}
 i - 3 potions of agility {unknown}
 j - 4 potions of curing {unknown}
 m - 4 potions of brilliance {unknown}
 p - a potion of magic
 v - a potion of cancellation {unknown}
 A - a potion of invisibility
Comestibles
 e - 10 bread rations
 f - 6 beef jerkies
 g - 4 fruits
 B - a slice of pizza


   Skills:
 + Level 8.5 Fighting
 + Level 6.9 Long Blades
 + Level 7.4 Armour
 + Level 4.6 Dodging
 + Level 7.4 Shields


You had 8 spell levels left.
You didn't know any spells.

Dungeon Overview and Level Annotations

Branches:
Dungeon (8/15)             Temple (0/1) D:4            Lair (0/8) D:8

Altars:
Ru
Sif Muna
Vehumet

Shops:
D:7 !


Innate Abilities, Weirdness & Mutations

You are hated by all.
You cannot study or cast Charms magic.
You cannot study or cast Ice magic.
You cannot study or cast Transmutations magic.
You can translocate small distances at will.


Message History

The orc warrior barely misses you. You block the orc's attack.
Something hits you but does no damage.
You hit the orc.
You kill the orc!
Something hits you but does no damage.
The orc warrior hits you from afar with a halberd!
* * * LOW HITPOINT WARNING * * *
A magic dart appears from out of thin air!
The magic dart hits you!
* * * LOW HITPOINT WARNING * * *
Things that are here:
a dagger; a ring mail; an orc corpse You closely miss the orc warrior.
The orc warrior closely misses you.
You hit something.
You hear some strange, mumbled words.
A magic dart appears from out of thin air!
The magic dart hits you!
* * * LOW HITPOINT WARNING * * *
The orc warrior hits you with a halberd!
You die...

#.####P....PP..PP. #.#
##.P..P.PP÷PP.
########.###....P..PPP.PP
.............P.PPP.P.PP÷.
########.##.....PPP.P.PP.
#.........P.P.PPP>.P
#.#.###.P.PP....PPPP
#.#{#


#..PPPPPP..PP. #.#@# ##.....PPP.P.P #.#o# #P....PPPP.PP #.#.# ###.P..PPPPP.
#.#.# ##......PP #.#.# ##...... .......)# ##### ........# !.......# ........#
You could see an orc warrior.

Vanquished Creatures
  The ghost of haldagan the Changer, a novice VSTm of Cheibriados (D:6)
  A yak (D:8)
  2 ice beasts (D:5)
  2 orc warriors
  3 ogres
  3 phantoms
  The ghost of haldagan the Chopper, an amateur DsGl (D:3)
  2 centaurs (D:5)
  A giant frog (D:7)
  2 scorpions
  3 wights (D:6)
  6 crimson imps
  A hound (D:6)
  4 killer bees (D:8)
  2 giant frog zombies (D:5)
  A centaur zombie (D:6)
  A giant frog skeleton (D:5)
  3 iguanas
  4 orc priests
  8 orc wizards
  A centaur skeleton (D:7)
  Terence (D:3)
  4 worker ants
  A killer bee zombie (D:7)
  A worker ant zombie (D:6)
  11 gnolls
  5 adders
  3 shadow imps
  3 white imps (D:7)
  An adder skeleton (D:4)
  3 worms (D:2)
  6 giant geckos
  34 orcs
  A ball python (D:6)
  6 bats
  4 giant cockroaches
  8 hobgoblins
  6 jackals
  10 kobolds
  2 quokkas (D:4)
  A giant gecko skeleton (D:7)
  5 giant newts
  7 goblins
  A quokka skeleton (D:5)
  8 rats
  A fungus (D:8)
  A plant (D:8)
186 creatures vanquished.

Vanquished Creatures (others)
  A killer bee (D:8)
  A crimson imp (D:7)
  An orc (D:6)
  5 fungi (D:8)
  A plant (D:8)
9 creatures vanquished.

Grand Total: 195 creatures vanquished

Notes
Turn   | Place    | Note
--------------------------------------------------------------
     0 | D:1      | Proton the Hill Orc Fighter began the quest for the Orb.
     0 | D:1      | Reached XP level 1. HP: 19/19 MP: 1/1
    93 | D:1      | Reached XP level 2. HP: 14/27 MP: 2/2
   130 | D:1      | Reached skill level 4 in Fighting
   586 | D:1      | Reached XP level 3. HP: 33/33 MP: 3/3
   632 | D:2      | Found a faded altar to an unknown god.
   642 | D:2      | Became a worshipper of Sif Muna the Loreminder
   642 | D:2      | Reached * piety under Sif Muna
   642 | D:2      | Fell from the grace of Sif Muna
   671 | D:2      | Found a sacrificial altar of Ru.
   694 | D:2      | Became a worshipper of Ru the Awakened
  1031 | D:2      | Found a radiant altar of Vehumet.
  1398 | D:2      | Reached XP level 4. HP: 41/41 MP: 4/4
  1452 | D:1      | Reached skill level 1 in Dodging
  1773 | D:3      | Noticed haldagan's ghost (amateur DsGl)
  1894 | D:4      | Reached XP level 5. HP: 43/47 MP: 5/5
  1928 | D:4      | Noticed an ogre
  1946 | D:4      | Killed an ogre
  1946 | D:4      | Reached skill level 5 in Fighting
  2149 | D:4      | Noticed a phantom
  2276 | D:4      | Killed a phantom
  2276 | D:4      | Reached XP level 6. HP: 31/56 MP: 6/6
  2408 | D:4      | Gained mutation: You are hated by all. [Ru sacrifice]
  2408 | D:4      | Reached * piety under Ru
  2617 | D:4      | Found a staircase to the Ecumenical Temple.
  2684 | D:4      | Reached XP level 7. HP: 61/61 MP: 7/7
  2859 | D:5      | Entered Level 5 of the Dungeon
  2914 | D:3      | Killed haldagan's ghost
  2930 | D:3      | Noticed Terence
  2957 | D:3      | Killed Terence
  2957 | D:3      | Reached skill level 5 in Shields
  3801 | D:4      | HP: 1/62 [iguana (7)]
  3803 | D:4      | Reached skill level 5 in Armour
  4214 | D:5      | Reached skill level 6 in Fighting
  4461 | D:5      | Reached XP level 8. HP: 56/70 MP: 8/8
  4844 | D:5      | Reached skill level 5 in Long Blades
  5310 | D:6      | Noticed haldagan's ghost (novice VSTm)
  5839 | D:7      | Reached skill level 7 in Fighting
  5855 | D:7      | Gained mutation: You cannot study or cast Ice magic. [Ru sacrifice]
  5855 | D:7      | Gained mutation: You cannot study or cast Transmutations magic. [Ru sacrifice]
  5855 | D:7      | Gained mutation: You cannot study or cast Charms magic. [Ru sacrifice]
  5855 | D:7      | Reached ** piety under Ru
  5932 | D:7      | Reached XP level 9. HP: 60/79 MP: 9/9
  6101 | D:7      | Found Kaulifau's Distillery.
  6269 | D:7      | Gained mutation: You can translocate small distances at will. [potion of beneficial mutation]
  7099 | D:6      | Killed haldagan's ghost
  7099 | D:6      | Reached skill level 8 in Fighting
  7718 | D:8      | Found a staircase to the Lair.
  7954 | D:8      | Was forgiven by Sif Muna
  8207 | D:8      | HP: 3/82 [something/magic dart (6)]
  8207 | D:8      | Mangled by an orc warrior

Vault maps used:
D:1:      dpeg_arrival_arbitrary_c, grunt_decor_clamped
D:2:      old_standard_altar, lemuel_doored_altar, ecumenical_altar_2
D:3:      wad_lake_hut, first_bread, roderic_ancient_swastika, uniq_terence
D:4:      lemuel_temple_firewalk_marked
D:7:      wad_pebble_path, serial_shops, shop, grunt_ogre_cave,
          minmay_misc_feat_tower, minmay_nine_imps
D:8:      due_lair_maze_entry_diamond, uniq_pikel

Action                   |  1- 3 |  4- 6 |  7- 9 || total
-------------------------+-------+-------+-------++-------
Melee: Long sword        |   126 |   188 |   823 ||  1137
Invok: Renounce Religion |     1 |       |       ||     1
       Sacrifice Love    |       |     1 |       ||     1
       Sacrifice Arcana  |       |       |     1 ||     1
 Abil: Blink             |       |       |     1 ||     1
  Use: Scroll            |       |     1 |     5 ||     6
       Potion            |       |       |     1 ||     1
  Eat: Meat ration       |     1 |       |     4 ||     5
       Bread ration      |       |       |     1 ||     1
